[Event "Titled Tuesday Blitz April 25 Early 2023"]
[White "Necula, Iulian"]
[Black "Antonio, Jorge Carlos"]
[WhiteFideId "1232380"]
[BlackFideId "113190"]
[WhiteElo "1790"]
[BlackElo "2247"]
[Result "1/2-1/2"]
[Round "06"]
[TimeControl "180+2"]
[Date "2023.04.25"]
[WhiteClock "0:00:29"]
[BlackClock "0:00:04"]

1. d4 d5 2. Nc3 c6 3. Bf4 Nf6 4. e3 Bf5 5. f3 e6 6. g4 Bg6 7. h4 h6 8. Bd3 Bxd3 9. cxd3 Nbd7 10. Qb3 Qb6 11. Nge2 Qxb3 12. axb3 a6 13. Rg1 Be7 14. Ng3 O-O-O 15. g5 hxg5 16. hxg5 Nh5 17. Nxh5 Rxh5 18. g6 f6 19. Kd2 Rh2+ 20. Bxh2 Nf8 21. Raf1 Kd7 22. Na4 Bb4+ 23. Ke2 Ke7 24. Nc5 Bxc5 25. dxc5 e5 26. d4 Ke6 27. Kd3 Kf5 28. e4+ dxe4+ 29. fxe4+ Ke6 30. d5+ cxd5 31. b4 dxe4+ 32. Kxe4 Rd4+ 33. Ke3 Rxb4 34. Rg2 Nd7 35. Rc1 f5 36. Rd2 f4+ 37. Ke2 Nf6 38. Rd6+ Kf5 39. Bg1 Rxb2+ 40. Kd1 e4 41. Rb6 Rg2 42. Bd4 Nd5 43. Rxb7 e3 44. Rc2 Rg1+ 45. Ke2 Ke4 46. Bxe3 fxe3 47. Rc4+ Ke5 48. c6 Rg2+ 49. Kf3 Rf2+ 50. Kg3 Rf6 51. Rg4 e2 52. Rb1 Rxc6 53. Re1 Rc2 54. Rg5+ Ke4 55. Rg4+ Ke3 56. Rg5 Nc3 57. Re5+ Kd2 58. R1xe2+ Nxe2+ 59. Kf3 Nd4+ 60. Ke4 Nb3 61. Rd5+ Kc3 62. Rd7 Kb2 63. Rxg7 a5 64. Rb7 Rg2 65. g7 Rxg7 66. Rxg7 a4 67. Ra7 a3 68. Rxa3 Kxa3 1/2-1/2


[Site "https://www.chess.com"]

[Event "Titled Tuesday Blitz April 25 Early 2023"]
[White "Quirke, Jeffrey"]
[Black "Vidruska, Renate"]
[WhiteFideId "2013029"]
[BlackFideId "11601841"]
[WhiteElo "2212"]
[BlackElo "1976"]
[Result "1-0"]
[Round "06"]
[TimeControl "180+2"]
[Date "2023.04.25"]
[WhiteClock "0:00:04"]
[BlackClock "0:00:02"]

1. e4 e5 2. d4 exd4 3. Qxd4 Nc6 4. Qe3 Nf6 5. Bd2 g6 6. Nc3 Bg7 7. Bc4 O-O 8. O-O-O Na5 9. Be2 d6 10. f3 Be6 11. g4 Nc4 12. Bxc4 Bxc4 13. h4 d5 14. e5 d4 15. Qf4 dxc3 16. Bxc3 Nd5 17. Qxc4 c6 18. Ne2 Qe7 19. Rxd5 cxd5 20. Qxd5 Rfd8 21. Qe4 Qe6 22. Kb1 b5 23. h5 a5 24. Nf4 Qd7 25. b3 b4 26. Bb2 g5 27. h6 Bh8 28. e6 fxe6 29. Qxe6+ Qxe6 30. Nxe6 Rd2 31. Bxh8 Kxh8 32. Nxg5 Rf8 33. Re1 Kg8 34. Re7 Rd5 35. Nxh7 Rxf3 36. g5 Rd1+ 37. Kb2 Rd8 38. Nf6+ Kf8 39. Rh7 1-0


[Site "https://www.chess.com"]

[Event "Titled Tuesday Blitz April 25 Early 2023"]
[White "Castillo Pena, Patricia Evarista"]
[Black "Amitpal, Singh"]
[WhiteFideId "6412106"]
[BlackFideId "5012899"]
[WhiteElo "1919"]
[BlackElo "2107"]
[Result "1-0"]
[Round "06"]
[TimeControl "180+2"]
[Date "2023.04.25"]
[WhiteClock "0:01:09"]
[BlackClock "0:00:47"]

1. d4 Nf6 2. Nf3 e6 3. e3 d5 4. Bd3 Bd6 5. O-O c5 6. b3 Nc6 7. Bb2 cxd4 8. exd4 Qb6 9. Nbd2 Nb4 10. Be2 Qc7 11. c3 Nc6 12. Bd3 e5 13. dxe5 Nxe5 14. Nxe5 Bxe5 15. Nf3 Bg4 16. Re1 Bxf3 17. Qxf3 O-O 18. h3 Rfe8 19. Rac1 Bd6 20. c4 Rxe1+ 21. Rxe1 dxc4 22. Bxc4 Be7 23. Qf5 Qc5 24. Qf3 Qh5 25. Qxh5 Nxh5 26. Rxe7 1-0


[Site "https://www.chess.com"]

[Event "Titled Tuesday Blitz April 25 Early 2023"]
[White "Lohani, Sujana"]
[Black "Larina, Maria"]
[WhiteFideId "12311987"]
[BlackFideId "24113182"]
[WhiteElo "1718"]
[BlackElo "1848"]
[Result "1-0"]
[Round "06"]
[TimeControl "180+2"]
[Date "2023.04.25"]
[WhiteClock "0:00:17"]
[BlackClock "0:00:03"]

1. d4 f5 2. e4 fxe4 3. Nc3 Nf6 4. Bg5 Nc6 5. d5 Ne5 6. Qd4 Nf7 7. Bxf6 gxf6 8. Nxe4 f5 9. Ng3 c5 10. Qc3 d6 11. O-O-O Bh6+ 12. Kb1 O-O 13. Bd3 Bg7 14. Qd2 Qb6 15. c3 Ne5 16. Nf3 Nxd3 17. Qxd3 f4 18. Ne4 Bf5 19. Rhe1 a5 20. Nh4 Bg4 21. f3 Bh5 22. Ng5 Bg6 23. Nxg6 hxg6 24. Qxg6 Rf6 25. Qh7+ Kf8 26. Rxe7 Rh6 27. Qxg7# 1-0


[Site "https://www.chess.com"]

[Event "Titled Tuesday Blitz April 25 Early 2023"]
[White "Gupta, Abhijeet"]
[Black "Caruana, Fabiano"]
[WhiteFideId "5010608"]
[BlackFideId "2020009"]
[WhiteElo "2528"]
[BlackElo "2837"]
[Result "1-0"]
[Round "07"]
[TimeControl "180+2"]
[Date "2023.04.25"]
[WhiteClock "0:00:17"]
[BlackClock "0:00:11"]

1. d4 Nf6 2. Nf3 e6 3. Bf4 b6 4. e3 Bb7 5. h3 Bd6 6. Bxd6 cxd6 7. Bd3 O-O 8. O-O d5 9. Nbd2 d6 10. Qe2 Ne4 11. c4 Nxd2 12. Nxd2 dxc4 13. Bxc4 Nd7 14. Ba6 Qc8 15. Bxb7 Qxb7 16. Rfc1 Nf6 17. Qf3 Qxf3 18. gxf3 Rfc8 19. Kf1 Kf8 20. Ke2 Ke7 21. Kd3 Nd5 22. a3 Kd7 23. f4 b5 24. Ne4 a5 25. Rg1 g6 26. Ng5 Ke7 27. Nxh7 b4 28. Ng5 bxa3 29. bxa3 Rc3+ 30. Kd2 Rb8 31. Rgb1 Rcb3 32. Rxb3 Rxb3 33. Kc2 a4 34. Rb1 Rxb1 35. Kxb1 Nb6 36. Ne4 d5 37. Nc5 Kf6 38. f3 Kg7 39. e4 Kf6 40. h4 Ke7 41. Ka2 Kf6 42. Nd3 Kg7 43. Ne5 Kf6 44. Kb2 Ke7 45. Kc3 f6 46. Nxg6+ Kf7 47. h5 Nc4 48. Kb4 Nd2 49. exd5 exd5 50. f5 Nxf3 51. Kc5 Ne1 52. h6 Kg8 53. Nf4 Nc2 54. Nxd5 Nxa3 55. Nxf6+ Kh8 56. d5 Nb5 57. Kxb5 a3 58. d6 1-0


[Site "https://www.chess.com"]

[Event "Titled Tuesday Blitz April 25 Early 2023"]
[White "Duda, Jan-Krzysztof"]
[Black "Chigaev, Maksim"]
[WhiteFideId "1170546"]
[BlackFideId "4108116"]
[WhiteElo "2790"]
[BlackElo "2547"]
[Result "0-1"]
[Round "07"]
[TimeControl "180+2"]
[Date "2023.04.25"]
[WhiteClock "0:00:05"]
[BlackClock "0:00:05"]

1. e4 c5 2. Nf3 e6 3. d4 cxd4 4. Nxd4 Nc6 5. Nc3 Nf6 6. a3 Be7 7. Be3 O-O 8. Be2 a6 9. f4 d6 10. Qd3 e5 11. Nxc6 bxc6 12. O-O a5 13. Kh1 a4 14. Rad1 Qa5 15. fxe5 dxe5 16. Bg5 Ba6 17. Qh3 Rad8 18. Bd3 Kh8 19. Ne2 Ng8 20. Bd2 Qb6 21. Be3 Qb7 22. Bxa6 Qxa6 23. Ng3 Rxd1 24. Rxd1 Qc4 25. Rd2 Qa2 26. Qd7 Qxb2 27. h3 Qxa3 28. Nf5 Bc5 29. Rd3 Qa1+ 30. Rd1 Qc3 31. Qxc6 Bb4 32. Qxa4 Qc4 33. Nd6 Qe2 34. Qxb4 Qxd1+ 35. Kh2 Qxc2 36. Bc5 Qa2 37. Qb7 Qe6 38. Nf5 Rd8 39. Qc7 Rd7 40. Qb8 h6 41. Bf8 f6 42. Qc8 Qf7 43. Bxg7+ Kh7 44. Bf8 h5 45. Bd6 Rb7 46. Qc6 Rd7 47. Qc3 Nh6 48. Qc6 Nxf5 49. exf5 e4 50. Bf4 Rd5 51. Qc4 e3 52. Bxe3 Qd7 53. Qh4 Qxf5 54. Bf4 Rd4 55. Kg3 Qd3+ 56. Kh2 Qf5 57. Kg3 Kg6 58. Kf3 Qe4+ 59. Kg3 Qe1+ 0-1


[Site "https://www.chess.com"]

[Event "Titled Tuesday Blitz April 25 Early 2023"]
[White "Bilych, Olexiy"]
[Black "Korobov, Anton"]
[WhiteFideId "14156504"]
[BlackFideId "14105730"]
[WhiteElo "2320"]
[BlackElo "2638"]
[Result "0-1"]
[Round "07"]
[TimeControl "180+2"]
[Date "2023.04.25"]
[WhiteClock "0:00:24"]
[BlackClock "0:01:55"]

1. d4 Nf6 2. c4 e6 3. Nf3 d5 4. Nc3 c6 5. Bg5 h6 6. Bxf6 Qxf6 7. e3 g6 8. Qc2 Nd7 9. Bd3 Bg7 10. O-O O-O 11. b4 a5 12. b5 dxc4 13. Bxc4 c5 14. Rad1 cxd4 15. Nxd4 Qe7 16. Be2 Nb6 17. Bf3 e5 18. Nb3 a4 19. Nd2 Be6 20. e4 Rfc8 0-1


[Site "https://www.chess.com"]

[Event "Titled Tuesday Blitz April 25 Early 2023"]
[White "Nakamura, Hikaru"]
[Black "Hakobyan, Aram"]
[WhiteFideId "2016192"]
[BlackFideId "13306677"]
[WhiteElo "2885"]
[BlackElo "2584"]
[Result "1-0"]
[Round "07"]
[TimeControl "180+2"]
[Date "2023.04.25"]
[WhiteClock "0:00:37"]
[BlackClock "0:00:04"]

1. Nf3 g6 2. e4 Bg7 3. d4 Nf6 4. e5 Ne4 5. Bd3 d5 6. O-O O-O 7. Re1 Bf5 8. Nh4 e6 9. Nxf5 exf5 10. c4 Nc6 11. f3 Nxd4 12. cxd5 Nc5 13. Bc4 Qh4 14. f4 Ne4 15. g3 Nxg3 16. Qxd4 Ne4 17. Re2 Ng5 18. Qe3 Bxe5 19. Qg3 Nh3+ 20. Kf1 Qxg3 21. hxg3 Bd4 22. Kg2 Ng1 23. Rd2 Bb6 24. Nc3 Rfe8 25. Rd1 Re7 26. Bd2 Rae8 27. Rxg1 Bxg1 28. Kxg1 a6 29. a4 Kg7 30. Kf2 f6 31. Re1 h5 32. Rxe7+ Rxe7 33. b4 Re8 34. a5 Rd8 35. Na4 c6 36. Nc5 cxd5 37. Ne6+ 1-0


[Site "https://www.chess.com"]

[Event "Titled Tuesday Blitz April 25 Early 2023"]
[White "Naroditsky, Daniel"]
[Black "Esipenko, Andrey"]
[WhiteFideId "2026961"]
[BlackFideId "24175439"]
[WhiteElo "2633"]
[BlackElo "2615"]
[Result "1-0"]
[Round "07"]
[TimeControl "180+2"]
[Date "2023.04.25"]
[WhiteClock "0:00:02"]
[BlackClock "0:00:01"]

1. e4 e5 2. Nf3 Nf6 3. d4 Nxe4 4. Bd3 d5 5. Nxe5 Bd6 6. O-O O-O 7. Nc3 f5 8. Bf4 Nc6 9. Ne2 Qf6 10. Nxc6 bxc6 11. c3 c5 12. f3 Ng5 13. Bxd6 Qxd6 14. Qd2 Ne6 15. dxc5 Nxc5 16. Bc2 Ba6 17. Rfe1 g6 18. Nd4 Rae8 19. Rxe8 Rxe8 20. Re1 Rxe1+ 21. Qxe1 Kf7 22. Qh4 h5 23. Qg5 Ne6 24. Qh6 Qe5 25. Qh7+ Kf8 26. Nxe6+ Qxe6 27. Qh8+ Kf7 28. Qh7+ Kf8 29. Qh8+ Kf7 30. Qh7+ Kf6 31. Qh8+ Kg5 32. h3 Kh4 33. Kh2 Qd6+ 34. Kg1 Qf4 35. Qd4 1-0


[Site "https://www.chess.com"]

[Event "Titled Tuesday Blitz April 25 Early 2023"]
[White "Pranesh M"]
[Black "So, Wesley"]
[WhiteFideId "35028600"]
[BlackFideId "5202213"]
[WhiteElo "2437"]
[BlackElo "2749"]
[Result "0-1"]
[Round "07"]
[TimeControl "180+2"]
[Date "2023.04.25"]
[WhiteClock "0:00:19"]
[BlackClock "0:00:01"]

1. e4 e5 2. Nf3 Nc6 3. Bb5 g6 4. d4 exd4 5. c3 a6 6. Ba4 Bg7 7. cxd4 Nge7 8. O-O b5 9. Bc2 d5 10. exd5 Nxd5 11. Re1+ Be6 12. Bg5 Qd7 13. Nbd2 h6 14. Ne4 hxg5 15. Nc5 Qd6 16. Nxe6 fxe6 17. Bxg6+ Kd7 18. Bf7 Rh6 19. g3 Qe7 20. Bh5 Rxh5 21. Ne5+ Bxe5 22. Qxh5 Bxd4 23. Rad1 Rf8 24. Re2 Qf6 25. Kg2 Kd6 26. Rdd2 e5 27. Qg4 Nce7 28. a3 Qf5 29. Qh5 Ng6 30. Qh6 Rh8 31. Qg7 Qh3+ 32. Kf3 Nh4+ 33. Ke4 Qf5# 0-1


[Site "https://www.chess.com"]

[Event "Titled Tuesday Blitz April 25 Early 2023"]
[White "Andreikin, Dmitry"]
[Black "Kuzubov, Yuriy"]
[WhiteFideId "4158814"]
[BlackFideId "14112906"]
[WhiteElo "2736"]
[BlackElo "2496"]
[Result "1-0"]
[Round "07"]
[TimeControl "180+2"]
[Date "2023.04.25"]
[WhiteClock "0:00:08"]
[BlackClock "0:00:04"]

1. Nf3 d5 2. d4 Nf6 3. c4 e6 4. Bg5 Be7 5. e3 h6 6. Bxf6 Bxf6 7. Qc2 O-O 8. h4 c5 9. g4 g6 10. g5 Bg7 11. h5 cxd4 12. gxh6 Bf6 13. hxg6 fxg6 14. Qxg6+ Kh8 15. Bd3 Qe7 16. Rg1 e5 17. cxd5 dxe3 18. fxe3 e4 19. Bxe4 Bf5 20. Bxf5 Qxe3+ 21. Kd1 Qxf3+ 22. Kc2 Qf2+ 23. Nd2 Qc5+ 24. Kb1 Qe7 25. Ne4 Nd7 26. Bxd7 Rg8 27. Be6 Rxg6 28. Rxg6 Be5 29. a3 Qh4 30. Ng5 Rf8 31. Ka2 Bxb2 32. Rf1 Bf6 33. Rfxf6 Qh2+ 34. Kb3 Qg3+ 35. Kb4 a5+ 36. Kc5 Qc7+ 37. Kb5 Rb8 38. Nf7+ 1-0


[Site "https://www.chess.com"]

[Event "Titled Tuesday Blitz April 25 Early 2023"]
[White "Bluebaum, Matthias"]
[Black "Corrales Jimenez, Fidel"]
[WhiteFideId "24651516"]
[BlackFideId "3506690"]
[WhiteElo "2638"]
[BlackElo "2541"]
[Result "1/2-1/2"]
[Round "07"]
[TimeControl "180+2"]
[Date "2023.04.25"]
[WhiteClock "0:00:03"]
[BlackClock "0:00:05"]

1. d4 Nf6 2. c4 e6 3. Nc3 Bb4 4. e3 d5 5. Bd2 O-O 6. Nf3 b6 7. cxd5 exd5 8. Rc1 a6 9. Bd3 Re8 10. O-O Nbd7 11. Qb3 Bxc3 12. Qxc3 c5 13. dxc5 Nxc5 14. Nd4 Bd7 15. Qa3 Nfe4 16. Bb4 Bb5 17. Bxc5 bxc5 18. Nf3 Qf6 19. Rfd1 Bxd3 20. Rxd3 Rad8 21. Rcd1 g6 22. Rxd5 Rxd5 23. Rxd5 Qc6 24. Qd3 c4 25. Qd1 c3 26. bxc3 Nxc3 27. Rd6 Qb5 28. Qd3 Nxa2 29. Qxb5 axb5 30. Rb6 Nc3 31. g4 Re4 32. h3 Rb4 33. Rb7 f6 34. Nd4 Rb2 35. Nc6 Ne4 36. f3 Nd6 37. Rb8+ Kg7 38. Nd4 Nc4 39. Rxb5 Rxb5 40. Nxb5 Nxe3 41. Kf2 Nd5 42. h4 Kf7 43. Nd4 Ke7 44. Ne2 Kd6 45. Ng3 Ke5 46. Ne4 f5 47. gxf5 gxf5 48. Ng5 h5 49. Nf7+ Kf6 50. Ng5 Nf4 51. Kg3 Ng6 52. f4 Ne7 53. Nf3 Ke6 54. Nd4+ Kd5 55. Nf3 Ke4 56. Ng5+ Ke3 57. Nf7 Ke4 58. Nd6+ Kd5 59. Nf7 Kd4 60. Kf3 Kd5 61. Ng5 Ng6 62. Kg3 Kd4 63. Ne6+ Ke3 64. Ng7 Nxh4 65. Nxh5 Ng6 66. Ng7 Nxf4 67. Nxf5+ 1/2-1/2


[Site "https://www.chess.com"]

[Event "Titled Tuesday Blitz April 25 Early 2023"]
[White "Mitrabha, Guha"]
[Black "Mamedyarov, Shakhriyar"]
[WhiteFideId "5057000"]
[BlackFideId "13401319"]
[WhiteElo "2507"]
[BlackElo "2704"]
[Result "0-1"]
[Round "07"]
[TimeControl "180+2"]
[Date "2023.04.25"]
[WhiteClock "0:00:32"]
[BlackClock "0:00:28"]

1. Nf3 Nf6 2. d4 e6 3. Bf4 b6 4. Nbd2 Bb7 5. e3 d6 6. h3 Nbd7 7. Bh2 g6 8. a4 a5 9. Bb5 Bg7 10. O-O O-O 11. c3 Qe7 12. Re1 e5 13. dxe5 Nxe5 14. Nxe5 dxe5 15. e4 Rad8 16. Qc2 Nh5 17. Nf1 Nf4 18. Ne3 h5 19. Rad1 Rxd1 20. Rxd1 Rd8 21. Rxd8+ Qxd8 22. Bc4 Bf8 23. Bxf4 exf4 24. Nd5 Bd6 25. Qd2 Qg5 26. f3 Be5 27. Kh1 Kg7 28. Qd3 Bc8 29. b4 Be6 30. bxa5 bxa5 31. Qe2 Qd8 32. Qf2 c6 33. Nb6 Bc7 34. Nd5 cxd5 35. exd5 Bd7 36. Qd4+ Qf6 37. Qc5 Qb6 38. Qe7 Qd6 39. Qe4 Bxa4 40. Bd3 Bd7 41. Qd4+ Qe5 42. Qc5 a4 43. c4 Bd8 44. Qa7 Qe1+ 45. Kh2 Bh4 0-1


[Site "https://www.chess.com"]

[Event "Titled Tuesday Blitz April 25 Early 2023"]
[White "Lenderman, Aleksandr"]
[Black "Moussard, Jules"]
[WhiteFideId "2021285"]
[BlackFideId "642908"]
[WhiteElo "2607"]
[BlackElo "2610"]
[Result "0-1"]
[Round "07"]
[TimeControl "180+2"]
[Date "2023.04.25"]
[WhiteClock "0:01:58"]
[BlackClock "0:00:58"]

1. Nf3 Nf6 2. b3 g6 3. Bb2 Bg7 4. g3 O-O 5. Bg2 d6 6. d4 c5 7. O-O cxd4 8. Nxd4 d5 9. c4 e5 10. Nb5 a6 11. N5c3 d4 12. Nd5 Nc6 13. Nd2 Be6 14. Nxf6+ Qxf6 15. f4 Qe7 16. fxe5 Nxe5 17. Nf3 Ng4 18. Bxd4 Rad8 19. Qd2 Rxd4 20. Nxd4 Rd8 21. Rf4 Qc5 22. e3 Nxe3 23. Qxe3 Bxd4 24. Rxd4 Rxd4 25. Rf1 b5 26. cxb5 axb5 27. h4 h5 28. Kh2 Rxh4+ 0-1


[Site "https://www.chess.com"]

[Event "Titled Tuesday Blitz April 25 Early 2023"]
[White "Zhigalko, Sergei"]
[Black "Lazavik, Denis"]
[WhiteFideId "13502956"]
[BlackFideId "13515110"]
[WhiteElo "2626"]
[BlackElo "2560"]
[Result "1/2-1/2"]
[Round "07"]
[TimeControl "180+2"]
[Date "2023.04.25"]
[WhiteClock "0:00:41"]
[BlackClock "0:00:23"]

1. e4 e5 2. Nf3 Nc6 3. Bb5 Nf6 4. O-O Nxe4 5. Re1 Nd6 6. Nxe5 Be7 7. Bf1 Nxe5 8. Rxe5 O-O 9. d4 Bf6 10. Re1 Re8 11. c3 Rxe1 12. Qxe1 Ne8 13. Bf4 d5 14. Bd3 g6 15. Nd2 Ng7 16. Nf3 Bf5 17. Bxf5 Nxf5 18. Qe2 c6 19. Re1 Ng7 20. Ne5 Ne6 21. Bg3 Bxe5 22. Qxe5 Qd7 23. Qf6 Qd8 24. Rxe6 fxe6 25. Qxe6+ Kf8 26. Bd6+ Kg7 27. Be5+ Kf8 28. g3 Qe8 29. Qf6+ Qf7 30. Qh8+ Qg8 31. Qf6+ Qf7 32. Qh8+ Qg8 33. Qf6+ Qf7 1/2-1/2


[Site "https://www.chess.com"]

[Event "Titled Tuesday Blitz April 25 Early 2023"]
[White "Kevlishvili, Robby"]
[Black "Le, Tuan Minh"]
[WhiteFideId "1040634"]
[BlackFideId "12401153"]
[WhiteElo "2572"]
[BlackElo "2566"]
[Result "0-1"]
[Round "07"]
[TimeControl "180+2"]
[Date "2023.04.25"]
[WhiteClock "0:00:04"]
[BlackClock "0:00:49"]

1. e4 c5 2. Nf3 Nf6 3. e5 Nd5 4. c3 e6 5. d4 cxd4 6. cxd4 b6 7. Bd2 Bb7 8. Nc3 Be7 9. Bd3 d6 10. Qe2 Nxc3 11. Bxc3 Nd7 12. O-O O-O 13. Rfd1 Rc8 14. Rac1 Rc7 15. Bb4 Rxc1 16. Rxc1 dxe5 17. Bxe7 Qxe7 18. dxe5 Bxf3 19. Qxf3 Qg5 20. Qe3 Qxe3 21. fxe3 Nxe5 22. Be4 f5 23. Bb7 g6 24. h3 Kg7 25. Ba6 Kf6 26. Rc7 Rf7 27. Rc8 Rd7 28. Ra8 h5 29. Kh2 h4 30. a4 Rd2 31. Bb7 g5 32. Rxa7 g4 33. hxg4 fxg4 34. Be4 Rxb2 35. Rh7 Rb4 36. Bc2 h3 37. Bd1 Rb2 38. Bxg4 Rxg2+ 39. Kxh3 Rxg4 40. Rh6+ Ke7 41. Rh5 Re4 0-1


[Site "https://www.chess.com"]

[Event "Titled Tuesday Blitz April 25 Early 2023"]
[White "Paravyan, David"]
[Black "Indjic, Aleksandar"]
[WhiteFideId "4194985"]
[BlackFideId "911925"]
[WhiteElo "2563"]
[BlackElo "2614"]
[Result "1-0"]
[Round "07"]
[TimeControl "180+2"]
[Date "2023.04.25"]
[WhiteClock "0:00:58"]
[BlackClock "0:00:17"]

1. e4 c5 2. Nf3 e6 3. d4 cxd4 4. Nxd4 a6 5. h3 Nf6 6. Bd3 Nc6 7. Nxc6 bxc6 8. Bf4 d5 9. Nd2 g6 10. O-O Bg7 11. c4 O-O 12. Re1 Nh5 13. Bh2 Bxb2 14. Rb1 Bg7 15. Qc2 d4 16. e5 Bh6 17. Ne4 Ra7 18. c5 f5 19. exf6 Nxf6 20. Bd6 Rff7 21. Nxf6+ Rxf6 22. Rb8 Bf4 23. Re4 Bxd6 24. cxd6 Rf8 25. Bc4 Kg7 26. Bxe6 Qxd6 27. Rxc8 Rxc8 28. Bxc8 c5 29. Be6 Re7 30. Bc4 Qc7 31. g3 Qb7 32. Rxe7+ Qxe7 33. Qe2 Qb7 34. Qe5+ Kh6 1-0


[Site "https://www.chess.com"]

[Event "Titled Tuesday Blitz April 25 Early 2023"]
[White "Donchenko, Alexander"]
[Black "Deac, Bogdan-Daniel"]
[WhiteFideId "24603295"]
[BlackFideId "1226380"]
[WhiteElo "2542"]
[BlackElo "2649"]
[Result "0-1"]
[Round "07"]
[TimeControl "180+2"]
[Date "2023.04.25"]
[WhiteClock "0:00:19"]
[BlackClock "0:00:18"]

1. Nf3 d5 2. g3 Nd7 3. d4 Ngf6 4. Bg2 e6 5. O-O Be7 6. b3 O-O 7. Bb2 b5 8. c4 bxc4 9. bxc4 Rb8 10. Qc2 c6 11. Nbd2 Ba6 12. Rab1 c5 13. Rfc1 Qa5 14. dxc5 Qxc5 15. Bd4 Qa5 16. Nb3 Qa4 17. cxd5 Nxd5 18. Bxa7 Rbc8 19. Qd2 Bxe2 20. Qxe2 Qxa7 21. Rxc8 Rxc8 22. Rc1 Rxc1+ 23. Nxc1 Bf6 24. Ne1 Nc3 25. Qc4 g6 26. h4 Qa3 27. Ned3 Nb6 28. Qb3 Qa5 29. Nb4 h5 30. Nc6 Qa6 31. Bf1 Qb7 32. Bg2 Qa6 33. Bf1 Qb7 34. Na5 Qc7 35. Nc4 Nbd5 36. a4 Qa7 37. a5 Bd4 38. Nd3 Ne4 39. Bg2 Bxf2+ 40. Kh1 Nxg3+ 41. Kh2 Nf5 42. Bxd5 exd5 43. Nce5 Qe3 44. Qb8+ Kg7 45. Nf3 Qxf3 46. Qe5+ Kh7 47. Nxf2 Qxf2+ 48. Kh3 Qf3+ 49. Kh2 Qf2+ 50. Kh3 Qxh4+ 51. Kg2 Qg4+ 52. Kh2 Qa4 53. Qxd5 Kg7 54. Qe5+ Kh7 55. Qd5 Qh4+ 56. Kg1 Qe1+ 57. Kh2 Qf2+ 58. Qg2 Qf4+ 59. Kh1 Qc1+ 60. Kh2 Qc7+ 61. Kh1 Qxa5 62. Qc6 Qe1+ 63. Kg2 Qg3+ 64. Kf1 Qf4+ 65. Kg2 Ne3+ 66. Kg1 Qg3+ 67. Kh1 Qg2+ 68. Qxg2 Nxg2 69. Kxg2 g5 70. Kf3 Kg6 71. Ke4 g4 72. Ke5 f5 73. Kf4 Kf6 74. Kg3 Kg5 75. Kh2 h4 76. Kg2 f4 77. Kh2 Kf5 78. Kg2 Ke4 79. Kf2 Kd3 80. Kg2 Ke2 81. Kg1 f3 82. Kh2 f2 83. Kg2 f1=Q+ 84. Kh2 Qf4+ 85. Kg1 h3 86. Kh1 Qf1+ 87. Kh2 Qg2# 0-1


[Site "https://www.chess.com"]

[Event "Titled Tuesday Blitz April 25 Early 2023"]
[White "Harsha Bharathakoti"]
[Black "Nguyen, Ngoc Truong Son"]
[WhiteFideId "5078776"]
[BlackFideId "12401110"]
[WhiteElo "2504"]
[BlackElo "2556"]
[Result "0-1"]
[Round "07"]
[TimeControl "180+2"]
[Date "2023.04.25"]
[WhiteClock "0:00:02"]
[BlackClock "0:00:55"]

1. e4 e5 2. Nf3 Nf6 3. Nxe5 d6 4. Nd3 Nxe4 5. Qe2 Qe7 6. Nf4 Nf6 7. d4 Bf5 8. c3 Nbd7 9. h4 O-O-O 10. Qxe7 Bxe7 11. f3 h6 12. g4 Bh7 13. Bd3 Bxd3 14. Nxd3 h5 15. g5 Ne8 16. Nd2 g6 17. Ne4 d5 18. Ng3 Bd6 19. Bf4 Bxf4 20. Nxf4 c6 21. Kf2 Nd6 22. Rae1 Rde8 23. Nd3 Kd8 24. a4 a5 25. b3 Rxe1 26. Rxe1 Re8 27. Rc1 b6 28. Nf4 Kc7 29. c4 dxc4 30. bxc4 c5 31. Nge2 cxd4 32. Nxd4 Nc5 33. Nd5+ Kb7 34. Rb1 Nxc4 35. Nb5 Rd8 36. Nbc3 Nxa4 0-1


[Site "https://www.chess.com"]

[Event "Titled Tuesday Blitz April 25 Early 2023"]
[White "Mirzoev, Azer"]
[Black "Shimanov, Aleksandr"]
[WhiteFideId "13400304"]
[BlackFideId "4198603"]
[WhiteElo "2525"]
[BlackElo "2631"]
[Result "0-1"]
[Round "07"]
[TimeControl "180+2"]
[Date "2023.04.25"]
[WhiteClock "0:00:19"]
[BlackClock "0:01:10"]

1. d4 g6 2. e4 d6 3. Nc3 Nf6 4. Be3 a6 5. Qd2 b5 6. f3 Nbd7 7. Bh6 Bb7 8. Nh3 c5 9. d5 Qa5 10. Nf2 O-O-O 11. Bxf8 Rhxf8 12. Be2 Rg8 13. O-O g5 14. a3 Ne5 15. Kh1 Kb8 16. Rfb1 Qb6 17. Ncd1 e6 18. dxe6 fxe6 19. b4 c4 20. Qc3 g4 21. f4 Ned7 22. e5 dxe5 23. fxe5 Nd5 24. Qg3 Rdf8 25. Ne4 Nf4 26. Nf6 Nxe2 27. Nxd7+ Kc7 28. Qe1 Bxg2+ 0-1


[Site "https://www.chess.com"]

[Event "Titled Tuesday Blitz April 25 Early 2023"]
[White "Firouzja, Alireza"]
[Black "Atakishiyev, Elmar"]
[WhiteFideId "12573981"]
[BlackFideId "13410547"]
[WhiteElo "2904"]
[BlackElo "2239"]
[Result "1-0"]
[Round "07"]
[TimeControl "180+2"]
[Date "2023.04.25"]
[WhiteClock "0:00:06"]
[BlackClock "0:00:01"]

1. d4 Nf6 2. c4 g6 3. Nc3 d5 4. cxd5 Nxd5 5. e4 Nxc3 6. bxc3 Bg7 7. Bc4 c5 8. Ne2 Nc6 9. Be3 O-O 10. h4 Qa5 11. Kf1 b6 12. h5 Ba6 13. Bxa6 Qxa6 14. hxg6 hxg6 15. Kg1 Rfd8 16. d5 Qc4 17. Ng3 e6 18. Bg5 Rd7 19. Qg4 Rxd5 20. Bf4 Rd3 21. Qh4 Qxc3 22. Rc1 Qb2 23. e5 Nxe5 24. Ne4 Qd4 25. Re1 c4 26. Bg5 Nd7 27. Be7 f6 28. Bb4 Nc5 29. Qh7+ Kf7 30. Rh6 Nxe4 31. Qxg6+ Kg8 32. Qh7+ Kf7 33. Qg6+ Kg8 34. Rxe4 Rd1+ 35. Kh2 Qd5 36. Rg4 Qd7 37. Qh7+ 1-0


[Site "https://www.chess.com"]

[Event "Titled Tuesday Blitz April 25 Early 2023"]
[White "Martinez Alcantara, Jose Eduardo"]
[Black "Mekhitarian, Krikor Sevag"]
[WhiteFideId "3805662"]
[BlackFideId "2107660"]
[WhiteElo "2711"]
[BlackElo "2604"]
[Result "1-0"]
[Round "07"]
[TimeControl "180+2"]
[Date "2023.04.25"]
[WhiteClock "0:00:25"]
[BlackClock "0:00:03"]

1. e4 c5 2. Nf3 e6 3. c3 Nf6 4. Bd3 c4 5. Bxc4 Nxe4 6. d3 Nf6 7. d4 Be7 8. Qe2 O-O 9. Bf4 b6 10. Nbd2 Bb7 11. Bd3 d6 12. h4 Nbd7 13. Bg5 Re8 14. O-O-O a6 15. Kb1 b5 16. g4 Rc8 17. Ka1 e5 18. dxe5 dxe5 19. Bxf6 Nxf6 20. g5 Nd5 21. Qxe5 Bd6 22. Qf5 g6 23. Qg4 Nf4 24. Bb1 b4 25. cxb4 Qb6 26. h5 Rc7 27. hxg6 fxg6 28. Rc1 Rce7 29. Nc4 Qxb4 30. a3 Qc5 31. Rhd1 Bc8 32. Qh4 Bb8 33. Nce5 Ng2 34. Ba2+ Be6 35. Bxe6+ Rxe6 36. Qg4 Qb5 37. Nd4 Qxe5 38. Nxe6 Qxe6 39. Qxe6+ 1-0


[Site "https://www.chess.com"]

[Event "Titled Tuesday Blitz April 25 Early 2023"]
[White "Svane, Rasmus"]
[Black "Salinas Herrera, Pablo"]
[WhiteFideId "4657101"]
[BlackFideId "3407128"]
[WhiteElo "2597"]
[BlackElo "2546"]
[Result "0-1"]
[Round "07"]
[TimeControl "180+2"]
[Date "2023.04.25"]
[WhiteClock "0:00:03"]
[BlackClock "0:00:06"]

1. Nf3 d5 2. g3 Nf6 3. Bg2 Bg4 4. O-O e6 5. h3 Bxf3 6. Bxf3 Nbd7 7. d3 Be7 8. e4 O-O 9. a4 a5 10. Nc3 c6 11. d4 dxe4 12. Nxe4 Nxe4 13. Bxe4 Re8 14. c3 Qc7 15. Bg2 Nf8 16. Be3 Rad8 17. Qb3 Rd7 18. Rad1 Bf6 19. Bf4 Qd8 20. Be3 Bg5 21. Bxg5 Qxg5 22. Rfe1 Red8 23. h4 Qf6 24. Rd3 Ra8 25. Rf3 Qd8 26. Bf1 Rb8 27. Bc4 b5 28. axb5 cxb5 29. Bxb5 Rd5 30. c4 Rxd4 31. Qc3 h5 32. Ra1 Ng6 33. Qxa5 Qd6 34. Qa3 Ne5 35. Rc3 Qd8 36. Qc5 Ng4 37. Qxh5 Qf6 38. Rf1 Re4 39. Bc6 Rd4 40. b3 Ne5 41. Bb5 g6 42. Qe2 Rbd8 43. Re3 Rd2 44. Rxe5 Rxe2 45. Rxe2 Qc3 46. Re3 Qb4 47. Kg2 Kg7 48. Ra1 Rd2 49. Rf3 Qe7 50. Ra8 e5 51. Re8 Qc7 52. Kf1 Rb2 53. Re3 Qb7 54. Ke1 Qh1# 0-1


[Site "https://www.chess.com"]